 Dungeon Sprint DCSS version 0.23.2-11-gf996548c65 (webtiles) character file.

Game seed: 11156093446309833859

1743 Groucho the Unseen (level 8, -19/37 HPs)
             Began as a Spriggan Enchanter on June 4, 2019.
             Was an Elder of Dithmenos.
             Demolished by a phantasmal warrior (34 damage)
             ... in the Dungeon (Sprint VII: "The Pits").
             The game lasted 00:10:02 (2125 turns).

Groucho the Unseen (Spriggan Enchanter)             Turns: 2125, Time: 00:10:02

Health: -19/37     AC:  3    Str:  6    XL:     8   Next: 77%
Magic:  10/23      EV: 24    Int: 16    God:    Dithmenos [****..]
Gold:   0          SH:  0    Dex: 17    Spells: 19/28 levels left

rFire    . . .     SeeInvis +   c - +2 dagger (elec)
rCold    . . .     Gourm    .   (shield restricted)
rNeg     . . .     Faith    .   b - +0 robe
rPois    .         Spirit   .   (helmet restricted)
rElec    .         Reflect  .   v - +0 cloak
rCorr    .         Harm     .   (gloves unavailable)
MR       .....     NoTele   +   (boots unavailable)
Stlth    +++++++++.             (no amulet)
HPRegen  0.12/turn              (no ring)
MPRegen  0.18/turn              (no ring)

@: vulnerable, wreathed by umbra, very quick
A: very small, unfitting armour, see invisible, herbivore, speed 3, slow
metabolism 2
a: Shadow Step, Renounce Religion


You were in the Dungeon.
You worshipped Dithmenos.
Dithmenos was greatly pleased with you.
You were not hungry.

You visited 1 branch

Inventory:

Hand Weapons
 c - a +2 dagger of electrocution (weapon)
 p - a +1 dagger of venom
 w - a +2 rapier of freezing
Missiles
 k - 10 stones
 o - 4 tomahawks (quivered)
Armour
 b - a +0 robe (worn)
 v - a +0 cloak (worn)
Jewellery
 q - a +3 ring of protection
 r - a +3 ring of evasion
Scrolls
 j - a scroll of blinking
 l - 3 scrolls of remove curse
 m - 4 scrolls of amnesia
 n - a scroll of summoning
Potions
 a - 2 potions of invisibility
 e - 6 potions of curing
 f - 10 potions of heal wounds
 g - 2 potions of haste
 h - 3 potions of magic
 i - 3 potions of berserk rage
 s - a potion of resistance
 t - a potion of brilliance
 u - 3 potions of mutation
Comestibles
 d - 9 rations


   Skills:
 - Level 1.2 Fighting
 + Level 5.8 Short Blades
 + Level 8.6 Dodging
 - Level 15.2 Stealth
 + Level 10.8 Spellcasting
 + Level 6.3 Conjurations
 + Level 11.1 Hexes


You had 19 spell levels left.
You knew the following spells:

 Your Spells              Type           Power        Failure   Level  Hunger
a - Corona                Hex            #####..      1%          1    None
b - Ensorcelled Hibernat  Hex/Ice        ####..       1%          2    None
c - Confuse               Hex            #####...     1%          3    None
d - Dazzling Spray        Conj/Hex       #####.       1%          3    None

Your spell library contained the following spells:

 Spells                   Type           Power        Failure   Level  Hunger
 Tukima's Dance           Hex            #####...     1%          3    None


Dungeon Overview and Level Annotations

Branches:
Dungeon (1/1)

Altars:
Ashenzari
Cheibriados
Dithmenos
Elyvilon
Fedhas
Gozag
Hepliaklqana
Kikubaaqudgha
Makhleb
Nemelex Xobeh
Okawaru
Qazlal
Ru
Sif Muna
Trog
Uskayaw
Vehumet
Wu Jian
Xom
Yredelemnul
Zin
The Shining One
Beogh
Jiyva
Lugonu


Innate Abilities, Weirdness & Mutations

You are very small and have problems with some larger weapons.
You are too small for most types of armour.
You have supernaturally acute eyesight. (SInv)
You are a herbivore.
You cover ground extremely quickly.
You need to consume almost no food.


Message History

Aiming: Dazzling Spray (safe; 1% risk of failure)
Press: ? - help, Shift-Dir - straight line, f - eye of draining, p - leopard gecko
Aim: an eye of draining (lightly wounded, umbra)
The spray of energy hits the eye of draining!
The eye of draining is heavily wounded.
The spray of energy hits the leopard gecko!
You kill the leopard gecko!
Dithmenos accepts your kill.
The phantasmal warrior completely misses you.
Unknown command.
Casting: Dazzling Spray (safe; 1% risk of failure)
Confirm with . or Enter, or press ? or * to list all spells.
Aiming: Dazzling Spray (safe; 1% risk of failure)
Press: ? - help, Shift-Dir - straight line, f/p - eye of draining
Aim: an eye of draining (heavily wounded, umbra)
The spray of energy hits the eye of draining.
The eye of draining is heavily wounded.
The phantasmal warrior hits you!!
Ouch! That really hurt!
You die...

#.......##''#
#.......##..#
#.......##..#
#...<...##..####
#.......##..#..###
#.......##..#....##
#.......##..'.....#
##########..'.§§W.+
##########..'.§§@G#
.†.#...[##..#.§§.##
...#..[[##..#.§###
..†'..))##..####
...#...)##..#
.(.#..))##..#
#############


You could see a phantasmal warrior and an eye of draining.

Vanquished Creatures
  An anaconda (D)
  A cyclops (D)
  A troll (D)
  A flying skull (D)
  2 porcupines (D)
  A big kobold (D)
  A scorpion (D)
  A worker ant (D)
  A gnoll (D)
  A white imp (D)
  An ooze (D)
  2 leopard geckos (D)
  An orc (D)
  A bat zombie (D)
  A giant cockroach (D)
  3 quokkas (D)
  A frilled lizard (D)
  A kobold (D)
  3 rats (D)
25 creatures vanquished.

Notes
Turn   | Place    | Note
-------+----------+-------------------------------------------
     0 | D        | Groucho the Spriggan Enchanter began the quest for the Orb.
     0 | D        | Reached XP level 1. HP: 9/9 MP: 5/5
    40 | D        | Found a bloodstained altar of Trog.
    40 | D        | Found a deep blue altar of Sif Muna.
    40 | D        | Found a viscous altar of Jiyva.
    40 | D        | Found a hazy altar of Hepliaklqana.
    40 | D        | Found an opulent altar of Gozag.
    41 | D        | Found a glowing golden altar of the Shining One.
    41 | D        | Found a glowing silver altar of Zin.
    41 | D        | Found a basalt altar of Yredelemnul.
    41 | D        | Found a shimmering altar of Xom.
    41 | D        | Found an ornate altar of the Wu Jian Council.
    41 | D        | Found a sacrificial altar of Ru.
    41 | D        | Found a stormy altar of Qazlal.
    41 | D        | Found an iron altar of Okawaru.
    41 | D        | Found a sparkling altar of Nemelex Xobeh.
    41 | D        | Found a burning altar of Makhleb.
    41 | D        | Found a blossoming altar of Fedhas.
    41 | D        | Found a white marble altar of Elyvilon.
    41 | D        | Found a shadowy altar of Dithmenos.
    41 | D        | Found a snail-covered altar of Cheibriados.
    44 | D        | Found a roughly hewn altar of Beogh.
    44 | D        | Found a corrupted altar of Lugonu.
    44 | D        | Found a radiant altar of Vehumet.
    45 | D        | Found a shattered altar of Ashenzari.
    45 | D        | Found an ancient bone altar of Kikubaaqudgha.
    45 | D        | Found a hide-covered altar of Uskayaw.
    56 | D        | Became a worshipper of Dithmenos the Shadowed
    81 | D        | Reached * piety under Dithmenos
    81 | D        | Reached skill level 5 in Stealth
    88 | D        | Noticed a big kobold
    88 | D        | Noticed a worker ant
   109 | D        | Killed a worker ant
   109 | D        | Reached ** piety under Dithmenos
   109 | D        | Reached skill level 1 in Fighting
   109 | D        | Reached skill level 6 in Stealth
   109 | D        | Reached XP level 2. HP: 14/14 MP: 6/8
   109 | D        | Reached XP level 3. HP: 18/18 MP: 6/9
   340 | D        | Learned a level 2 spell: Ensorcelled Hibernation
   344 | D        | Learned a level 3 spell: Confuse
   348 | D        | Learned a level 3 spell: Tukima's Dance
   353 | D        | Learned a level 3 spell: Dazzling Spray
   374 | D        | Killed a big kobold
   374 | D        | Reached skill level 8 in Stealth
   374 | D        | Reached skill level 5 in Spellcasting
   374 | D        | Reached skill level 1 in Conjurations
   374 | D        | Reached XP level 4. HP: 15/22 MP: 4/12
   816 | D        | Reached skill level 9 in Stealth
  1183 | D        | Reached *** piety under Dithmenos
  1183 | D        | Reached skill level 10 in Stealth
  1183 | D        | Reached XP level 5. HP: 25/25 MP: 6/14
  1240 | D        | Noticed a porcupine
  1240 | D        | Noticed a porcupine
  1242 | D        | Killed a porcupine
  1242 | D        | Reached skill level 11 in Stealth
  1621 | D        | Killed a porcupine
  1621 | D        | Reached skill level 13 in Stealth
  1621 | D        | Reached XP level 6. HP: 12/30 MP: 15/17
  1923 | D        | Reached **** piety under Dithmenos
  1925 | D        | Noticed a troll
  1927 | D        | Killed a troll
  1927 | D        | Reached skill level 14 in Stealth
  1927 | D        | Reached XP level 7. HP: 33/33 MP: 18/20
  1929 | D        | Noticed a flying skull
  1937 | D        | Killed a flying skull
  1937 | D        | Reached skill level 15 in Stealth
  1937 | D        | Reached skill level 5 in Conjurations
  1939 | D        | Reached ***** piety under Dithmenos
  1993 | D        | Noticed an anaconda
  1993 | D        | Noticed a cyclops
  1995 | D        | Killed a cyclops
  1995 | D        | Reached skill level 10 in Hexes
  1995 | D        | Reached XP level 8. HP: 33/37 MP: 16/22
  1997 | D        | Killed an anaconda
  1997 | D        | Reached skill level 5 in Short Blades
  1997 | D        | Reached skill level 10 in Spellcasting
  2119 | D        | Noticed a phantasmal warrior
  2125 | D        | Demolished by a phantasmal warrior

Skill      XL: |  1  2  3  4  5  6  7  8 |
---------------+-------------------------+-----
Spellcasting   | 4 5 6 7 8 9 10 | 10.8
Hexes          | 4 6 8 9 10 11 | 11.1
Stealth        | 6 8 10 13 14 15 | 15.2
Fighting       | 1 |  1.2
Short Blades   | 2 3 5 |  5.8
Dodging        | 4 6 8 |  8.6
Conjurations   | 1 2 3 4 5 6 |  6.3

Action                   |  1- 3 |  4- 6 |  7- 9 || total
-------------------------+-------+-------+-------++-------
Melee: Dagger            |    15 |     9 |    11 ||    35
Throw: Stone             |     3 |       |       ||     3
       Tomahawk          |       |     4 |       ||     4
 Cast: Ensorcelled Hiber |     4 |    11 |     3 ||    18
       Confuse           |     1 |       |     1 ||     2
       Dazzling Spray    |       |       |     3 ||     3
Invok: Shadow Step       |       |       |     3 ||     3
  Use: Scroll            |     1 |       |       ||     1
       Potion            |     1 |       |       ||     1
 Stab: Sleeping          |     5 |     9 |     6 ||    20
       Confused          |       |       |     1 ||     1
Dodge: Dodged            |    15 |     9 |     7 ||    31
